 Dungeon Crawl Stone Soup version 0.30-a0-956-gcec3b41aec (console) character file.

Game seed: 990728958306349888

47 petzl the Sneak (level 3, -15/24 (29) HPs)
             Began as a Formicid Delver on Mar 29, 2023.
             Shot with an arrow by a centaur warrior (22 damage)
             ... on level 14 of the Dungeon.
             The game lasted 00:09:44 (1372 turns).

petzl the Sneak (Formicid Delver)                   Turns: 1372, Time: 00:09:44

HP:   -15/24 (29)   AC:  9    Str: 16    XL:     3   Next: 97%
MP:   7/7           EV: 10    Int: 13    God:
Gold: 88            SH:  0    Dex: 15    Spells: 8/8 levels left

rFire   + . .      SeeInvis +    y - +2 trident {freeze, Fragile Int+2 Stlth+}
rCold   . . .      Faith    .    (no shield)
rNeg    . . .      Spirit   .    g - +2 scale mail {rF+}
rPois   .          Reflect  .    (helmet unavailable)
rElec   .          Rampage  .    z - +0 cloak
rCorr   .                        (no gloves)
Will    .....                    (no boots)
Stlth   +++                      (no amulet)
HPRegen 0.24/turn                (no ring)
MPRegen 0.10/turn                (no ring)

@: heavily drained
A: permanent stasis, dig shafts and tunnels, antennae 3, four strong arms
a: Dig, Shaft Self


You were on level 14 of the Dungeon.
You visited 1 branch of the dungeon, and saw 7 of its levels.

You collected 88 gold pieces.

Inventory:

Hand Weapons
 a - a +3 dagger of holy wrath {!f =f}
 b - a +0 mace
 y - the +2 trident of Cuirist (weapon) {freeze, Fragile Int+2 Stlth+}
   (You found it on level 13 of the Dungeon)

   Int:       It affects your intelligence (+2).
   Fragile:   It will be destroyed if unequipped.
   Stlth:     It makes you more stealthy.
 B - the +9 sling of the Whelk {speed, Will+}
   (You found it on level 14 of the Dungeon)

   Will:      It increases your willpower.
Missiles
 i - 4 poisoned darts
 o - 6 stones (quivered)
Armour
 g - a +2 scale mail of fire resistance (worn)
 s - a +0 ring mail of cold resistance
 t - a +0 leather armour
 v - the +1 chain mail of Nice Joy {rPois rF- rN+ Will+ Dex+3}
   (You found it on level 10 of the Dungeon)

   Dex:       It affects your dexterity (+3).
   rF:        It makes you vulnerable to fire.
   rPois:     It protects you from poison.
   rN:        It protects you from negative energy.
   Will:      It increases your willpower.
 x - the +4 scale mail of Omission {Rampage Dex+4}
   (You found it on level 14 of the Dungeon)

   Dex:       It affects your dexterity (+4).
   Rampage:   It bestows one free step when moving towards enemies.
 z - a +0 cloak (worn)
Wands
 f - a wand of digging (3)
 k - a wand of polymorph (4)
 u - a wand of charming (12)
Scrolls
 c - a scroll of fog
 d - a scroll of magic mapping
 e - a scroll of fear
 m - a scroll of enchant weapon {unknown}
 p - a scroll of blinking {unknown}
 r - a scroll of torment {unknown}
 w - a scroll of silence {unknown}
 A - a scroll of identify {unknown}
Potions
 h - a potion of might {unknown}
 j - a potion of flight {unknown}
 l - a potion of curing {unknown}
 n - a potion of heal wounds {unknown}
 q - a potion of resistance {unknown}


   Skills:
 - Level 3.2 Fighting
 - Level 2.0 Maces & Flails
 - Level 1.7 Dodging
 - Level 6.0 Stealth
 + Level 3.2 Spellcasting


You had 8 spell levels left.
You didn't know any spells.
Your spell library was empty.

Dungeon Overview and Level Annotations

Branches:
Dungeon (14/15)
 Temple: D:4-7         Lair: D:8-11         Orc: D:9-12      Vaults: D:13-14

Altars:

Annotations:
D:6 exclusions: black bear, 2 downstairs and upstairs
D:7 exclusion: downstairs
D:10 exclusion: two-headed ogre
D:13 exclusions: downstairs and 2 sensed monsters (detected)
D:14 exclusions: sensed monster (detected) and upstairs


Innate Abilities, Weirdness & Mutations

You cannot be hasted, slowed, berserked, paralysed or teleported.
You can dig through walls and to a lower floor.
You have a pair of large antennae on your head. (SInv)
Your four strong arms can wield two-handed weapons with a shield.


Message History

You see here a +0 flail.
Found a stone staircase leading down.
Found a scroll labelled BESMAF KUEDGH.
There is a stone staircase leading down here.
A - a scroll labelled BESMAF KUEDGH
There is a stone staircase leading down here.
You climb downwards.
Level annotation: exclusions: sensed monster (detected) and upstairs
There is a stone staircase leading up here.
Found a viscous ruby potion.
You open the door.
Found a pitted sling.
There is an open door here.
You see here the +9 sling of the Whelk {speed, Will+}.
B - the +9 sling of the Whelk {speed, Will+}
There is an open door here.
A centaur warrior comes into view.
The centaur warrior shouts!
The centaur warrior wields a +0 shortbow.
The centaur warrior shoots an arrow.
The arrow barely misses you.
The centaur warrior shoots an arrow.
The arrow hits you!
Ouch! That really hurt!
* * * LOW HITPOINT WARNING * * *
Unknown command.
Unknown command.
Unknown command.
Aiming: Charm
Press: ? - help, Shift-Dir - straight line, f - centaur warrior
Aim: a centaur warrior, wielding a +0 shortbow (chance to affect: 31%)
Okay, then.
Aiming: Polymorph
Press: ? - help, Shift-Dir - straight line, f - centaur warrior
Aim: a centaur warrior, wielding a +0 shortbow (will become an anaconda, a lindwurm, or a snapping turtle, chance to affect: 31%)
Okay, then.
Okay, then.
As you read the scroll of fog, it crumbles to dust.
The scroll dissolves into smoke.
The centaur warrior shoots an arrow.
The arrow hits you!!
Ouch! That really hurt!
You die...

#....###..
#.........
#.........
#.........
#....... ########
#....#####......#
#.<..#..........#
#....#..........+
#....#..........#
#....#..........+
#....#..........#
#....#..........#
#....#..........#
#....'..........#
#....#########.##
#....# .. #§§§.#
.. #####§§..# .
#...§@§§.#
#...§§§§.#
#..§..§..#
...........#
...........#
......c....#
...........#
#######....#


You could see a centaur warrior.

Vanquished Creatures
  An orc wizard (D:6)
  2 adders (D:6)
  2 orcs (D:6)
5 creatures vanquished.

Notes
Turn   | Place    | Note
-------+----------+-------------------------------------------
     0 | D:5      | petzl the Formicid Delver began the quest for the Orb.
     0 | D:5      | Reached XP level 1. HP: 18/18 MP: 1/1
   102 | D:6      | Noticed a black bear
   139 | D:6      | Noticed a black bear
   201 | D:6      | Reached skill level 1 in Spellcasting
   201 | D:6      | Reached XP level 2. HP: 24/24 MP: 1/4
   351 | D:6      | Noticed a scorpion
   379 | D:6      | Noticed a scorpion
   394 | D:6      | Noticed a boulder beetle
   599 | D:8      | Noticed a wight
   607 | D:7      | Noticed a sky beast
   624 | D:7      | Noticed a scorpion
   679 | D:6      | Reached XP level 3. HP: 29/29 MP: 6/6
   762 | D:5      | Noticed a black bear
   768 | D:5      | You fall into a shaft and drop 3 floors!
   776 | D:8      | Noticed an ice beast
   811 | D:7      | Noticed a bullfrog
   816 | D:7      | You fall into a shaft and drop 3 floors!
   816 | D:10     | Entered Level 10 of the Dungeon
   823 | D:10     | Identified the +1 chain mail of Nice Joy {rPois rF- rN+
                  | Will+ Dex+3}
   886 | D:10     | Noticed a two-headed ogre
   896 | D:10     | Noticed a centaur
   913 | D:10     | You fall into a shaft and drop 3 floors!
  1002 | D:13     | Noticed a boulder beetle
  1015 | D:14     | Identified the +4 scale mail of Omission {Rampage Dex+4}
  1147 | D:14     | Noticed a centaur warrior simulacrum
  1147 | D:14     | Noticed a manticore
  1295 | D:13     | Identified the +2 trident of Cuirist {freeze, Fragile Int+2
                  | Stlth+}
  1360 | D:14     | Identified the +9 sling of the Whelk {speed, Will+}
  1370 | D:14     | Noticed a centaur warrior
  1372 | D:14     | Shot with an arrow by a centaur warrior

Illustrated notes

Levels and vault maps discovered:
D:5:      layout_gridville, ebering_ghost_sewer_d
D:6:      layout_loops_ring, nicolae_hepliaklqana_hippocampus,
          small_statue_intersection
D:7:      layout_cave_pools, gammafunk_ghost_cemetery, serial_column_ruins,
          column_ruins_hut, column_ruins_temple_circle, column_ruins_open_large,
          column_ruins_columns_straight, column_ruins_corridor_T,
          column_ruins_open_small, kennysheep_generic_room_13,
          uniq_crazy_yiuf_cottage, uniq_prince_ribbit1, uniq_joseph
D:8:      layout_rooms, nicolae_overflow_crystal_walls,
          nicolae_overflow_hidden_temple, xom_confusion_cloud,
          nicolae_shop_firing_range
D:10:     layout_long_grid, serial_shops, shop
D:13:     layout_loops_ring, kennysheep_generic_room_4, uniq_frances
D:14:     layout_irregular_city, david_vaults_5, fedhas_altar_fruit_tree,
          minmay_liquid_box, uniq_lodul

Skill      XL: |  1  2  3 |
---------------+----------+-----
Spellcasting   | 1 2 3 |  3.2
Fighting       | |  3.2
Maces & Flails | |  2.0
Dodging        | |  1.7
Stealth        | |  6.0

Action                     || total
---------------------------++-------
  Melee: Mace              ||    24
         Dagger            ||     8
  Throw: Stone             ||     3
Ability: Dig               ||     3
         Shaft Self        ||     3
  Evoke: Wand              ||     1
    Use: Scroll            ||     1
   Stab: Sleeping          ||     1
 Armour: Scale mail        ||    30
  Dodge: Dodged            ||    33

Table legend: (Time is in decaauts)
 A = Elapsed time spent in this place.
 B = Non-inter-level travel time spent in this place.
 C = Inter-level travel time spent in this place.
 D = Time resting spent in this place.
 E = Time spent auto-exploring this place.
 F = Levels seen in this place.
 G = Mean time per level.
                   A        B        C        D        E       F      G
               +--------+--------+--------+--------+--------+-----+--------+
         Total |   1378 |   1378 |      0 |    218 |      4 |   7 |  196.9 |
       Dungeon |   1378 |   1378 |      0 |    218 |      4 |   7 |  196.9 |
               +--------+--------+--------+--------+--------+-----+--------+

Top non-repeatable levels by time:
     D:6: 654 daAuts
    D:13: 287 daAuts
    D:14: 170 daAuts
     D:7: 113 daAuts
    D:10: 96 daAuts
     D:8: 36 daAuts
     D:5: 19 daAuts
